 Dungeon Crawl Stone Soup version 0.27.1-33-g824d729ab1 (console) character file.

Game seed: 5476272247005469646

35439 Banquo the Thaumaturge (level 14, -5/108 HPs)
             Began as a Djinni Monk on Dec 5, 2021.
             Was a Priest of Ashenzari.
             Hit by a javelin thrown by a minotaur (35 damage)
             ... in a Gauntlet on Dec 6, 2021.
             The game lasted 01:59:05 (24871 turns).

Banquo the Thaumaturge (Djinni Monk)               Turns: 24871, Time: 01:59:06

Health: -5/108     AC:  6    Str: 10    XL:     14   Next: 18%
Gold:   991        EV: 18    Int: 23    God:    Ashenzari [***...] SH: 18 Dex: 19

rFire    + + .     SeeInvis +   a - +5 quick blade (freeze)
rCold    . . .     Faith    .   i - +2 kite shield "Share My Adversity" {Melee, Self} (curse)
rNeg     . . .     Spirit   .   d - +0 troll leather armour "Gaze Upon Infinity" {Regen+, Self, Cun} (curse)
rPois    ∞         Reflect  +   h - +0 helmet "Ennui of the Sphere" {Range, Cun} (curse)
rElec    .         Harm     .   (no cloak)
rCorr    .         Rampage  .   (no gloves)
Will     +....     Clarity  +   (boots unavailable) Stlth +++++.....NoTele +
                                P - amulet of Ashenzari's Annoyance {Reflect SH+5, Cun, Self} (curse)
HPRegen  1.28/turn              y - ring "Juilu" {*Corrode rC+ Int+7 Dex-4}
MPRegen  0.00/turn              O - ring of Desmomancy {Dex+6, Cun, Melee} (curse)

@: flying
A: sickness immunity, fire resistance 2, cold vulnerability 1, float, innate
caster, hp casting, extra vitality 1
a: Renounce Religion, Shatter the Chains


You were in a Gauntlet.
You worshipped Ashenzari.
Ashenzari was most pleased with you.
You visited 3 branches of the dungeon, and saw 15 of its levels.
You also visited: Ossuary and Gauntlet.

You collected 991 gold pieces.

Inventory:

Hand Weapons
 a - a +5 quick blade of freezing (weapon)
 b - a +0 dagger of electrocution
 c - a +1 dagger of venom
 e - the +8 whip "Snakebite" {venom, curare, rPois}
   (You found it on level 1 of the Lair of Beasts)

   It poisons the flesh of those it strikes.
   It occasionally inflicts asphyxiating poison on those it strikes, dealing
   poison damage and causing slowness.
   rPois:     It protects you from poison.
 f - a +3 scimitar of flaming
 r - a +1 spear of freezing
 u - a +4 dagger of speed
Missiles
 g - 414 stones
 t - 24 boomerangs
 v - 77 poisoned darts (quivered)
Armour
 d - the cursed +0 troll leather armour "Gaze Upon Infinity" (worn) {Regen+, Self, Cun}
   (You found it on level 9 of the Dungeon)

   Regen:     It increases your rate of health regeneration.
   It has a curse which improves the following skills: Introspection: Fighting
   and Spellcasting.
   Cunning:   Dodging and Stealth.
 h - the cursed +0 helmet "Ennui of the Sphere" (worn) {Range, Cun}
   (You took it off Robin on level 2 of the Dungeon)

   It has a curse which improves the following skills: Ranged Combat: Slings,
   Bows, Crossbows and Throwing.
   Cunning:   Dodging and Stealth.
 i - the cursed +2 kite shield "Share My Adversity" (worn) {Melee, Self}
   (You took it off an orc warrior on level 9 of the Dungeon)

   It has a curse which improves the following skills: Melee Combat: Short
   Blades, Long Blades, Axes, Maces & Flails, Polearms, Staves and Unarmed
   Combat.
   Introspection: Fighting and Spellcasting.
 k - the +1 ring mail "Couseab" {rElec Will+ Str+3 Int+4}
   (You found it on level 2 of the Lair of Beasts)

   Str:       It affects your strength (+3).
   Int:       It affects your intelligence (+4).
   rElec:     It insulates you from electricity.
   Will:      It increases your willpower.
 s - a +1 robe of cold resistance
 B - the +6 scale mail "Xalemurr" {+Blink rC- Will+ Str+3 Dex+4}
   (You found it in a Gauntlet)

   Str:       It affects your strength (+3).
   Dex:       It affects your dexterity (+4).
   rC:        It makes you vulnerable to cold.
   +Blink:    It lets you blink.
   Will:      It increases your willpower.
Jewellery
 n - an amulet of reflection
 y - the ring "Juilu" (left hand) {*Corrode rC+ Int+7 Dex-4}
   (You found it in a Gauntlet)

   [ring of protection from cold]

   Int:       It affects your intelligence (+7).
   Dex:       It affects your dexterity (-4).
   rC:        It protects you from cold.
   *Corrode:  It may corrode you when you take damage.
 D - a ring of magical power
 O - the cursed ring of Desmomancy (right hand) {Dex+6, Cun, Melee}
   (You found it on level 8 of the Dungeon)

   [ring of dexterity]

   Dex:       It affects your dexterity (+6).
   It has a curse which improves the following skills: Cunning: Dodging and
   Stealth.
   Melee Combat: Short Blades, Long Blades, Axes, Maces & Flails, Polearms,
   Staves and Unarmed Combat.
 P - the cursed amulet of Ashenzari's Annoyance (around neck) {Reflect SH+5, Cun, Self}
   (You found it on level 6 of the Dungeon)

   [amulet of reflection]

   It reflects blocked missile attacks.
   SH:        It affects your SH (+5).
   It has a curse which improves the following skills: Cunning: Dodging and
   Stealth.
   Introspection: Fighting and Spellcasting.
Wands
 p - a wand of flame (71)
 J - a wand of iceblast (6)
Scrolls
 l - a scroll of enchant weapon
 m - 5 scrolls of magic mapping
 o - a scroll of acquirement
 w - 10 scrolls of teleportation
 x - 3 scrolls of holy word
 H - 4 scrolls of fog
Potions
 j - 3 potions of haste
 q - 2 potions of heal wounds
 z - a potion of ambrosia
 A - 9 potions of curing
 C - a potion of might
 E - 3 potions of cancellation
 G - a potion of resistance
 L - a potion of brilliance
 T - 2 potions of berserk rage


   Skills:
 * Level 9.2(12.9) Fighting
 - Level 5.1(8.0) Short Blades
 * Level 7.0 Armour
 + Level 7.6(12.2) Dodging
 + Level 6.9(11.5) Stealth
 * Level 9.0 Shields
 + Level 11.7(15.2) Spellcasting


You had 24 spell levels left.
You knew the following spells:

 Your Spells              Type           Power      Damage    Failure   Level
a - Pain                  Necr           100%       1d9       1%          1
b - Ensorcelled Hibernat  Hex/Ice        100%       N/A       1%          2
c - Leda's Liquefaction   Hex/Erth       36%        N/A       1%          4
h - Hailstorm             Conj/Ice       72%        3d15      1%          4
t - Teleport Other        Tloc           72%        N/A       1%          3
F - Summon Forest         Summ/Tloc      36%        N/A       1%          5
Your spell library was empty.

Dungeon Overview and Level Annotations

Branches:
Dungeon (10/15)            Temple (1/1) D:7            Lair (4/6) D:10
  Swamp (0/4) Lair:2       Spider (0/4) Lair:2          Orc (0/2) D:10
Ossuary (visited)         Gauntlet (1/1)

Altars:
Ashenzari
Cheibriados
Dithmenos
Elyvilon
Fedhas
Gozag
Hepliaklqana
Kikubaaqudgha
Makhleb
Nemelex Xobeh
Okawaru
Qazlal
Ru
Sif Muna
Trog
Uskayaw
Vehumet
Wu Jian
Xom
Yredelemnul
Zin
The Shining One

Shops:
D:9 ?

Annotations:
D:1 vault
D:5 Grinder
D:7 3 runed translucent doors, McKennaii's ghost, novice DgCj; spimroxx's ghost, novice GnFi; sydd's ghost, novice DgAE
Lair:4 Nessos Gauntlet 4 transporters


Innate Abilities, Weirdness & Mutations

You are immune to sickness and miasma.
You are immune to poison.
Your flesh is very heat resistant. (rF++)
You are vulnerable to cold. (rC-)
You float through the air rather than walking.
You learn spells naturally, not from books.
Your magical power is your life essence.
You have superior vitality. (+4 HP)


Message History

The minotaur is moderately wounded.
The minotaur bellows!
Casting: Hailstorm (safe; 1% risk of failure)
Confirm with . or Enter, or press ? or * to list all spells.
Casting: Hailstorm (safe; 1% risk of failure)
Press: ? - help, Dir - look around, f - activate A cannonade of hail descends around you!
The hail pelts the minotaur!!
The minotaur is heavily wounded.
You hit the minotaur but do no damage.
The minotaur is heavily wounded.
Your cursed troll leather armour "Gaze Upon Infinity" prevents you from hitting the minotaur.
The minotaur is heavily wounded.
You block the minotaur's attack. The minotaur gores you.
You barely miss the minotaur.
The minotaur is heavily wounded.
You barely miss the minotaur.
The minotaur is heavily wounded.
The minotaur hits you with a +0 triple sword of flaming!!
The minotaur barely misses you.
You hit the minotaur but do no damage.
The minotaur is heavily wounded.
You puncture the minotaur! You freeze the minotaur.
The minotaur is heavily wounded.
You block the minotaur's attack. The minotaur closely misses you.
You barely miss the minotaur.
The minotaur furiously retaliates!
The minotaur headbutts you!
The minotaur is heavily wounded.
Casting: Hailstorm (safe; 1% risk of failure)
Confirm with . or Enter, or press ? or * to list all spells.
Aiming: Ensorcelled Hibernation (safe; 1% risk of failure)
Press: ? - help, Shift-Dir - straight line, f - minotaur
Aim: a minotaur, wielding a +0 triple sword of flaming, wearing a +0 chain mail and quivering javelins (heavily wounded, chance to affect: 11%)
The minotaur resists with almost no effort.
You block the minotaur's attack. x2
The minotaur throws a javelin.
The javelin pierces through you!!
The minotaur throws a javelin.
The javelin pierces through you!
* * * LOW HITPOINT WARNING * * *
The minotaur throws a javelin.
The javelin pierces through you!!
You die...

#.#######
#.#.....#
#.#.###.#
#.#.#∩#.#
#.#.#,#H#
#.#.# #.#
#.#.. #.#
#.#####.#
#.....@.#
#########


You could see a minotaur.

Vanquished Creatures
  A quicksilver ooze (Gauntlet)
  2 hydras
  2 two-headed ogres
  8 death yaks
  Sonja (Lair:1)
  2 wizards (Gauntlet)
  3 elephants (Lair:3)
  9 black mambas
  A smoke demon (Gauntlet)
  8 cane toads
  A rime drake (Lair:2)
  4 komodo dragons
  3 meliai (Gauntlet)
  A red devil (Gauntlet)
  2 jumping spiders (Lair:2)
  2 polar bears
  A troll (D:9)
  3 blink frogs (Lair:3)
  A tyrant leech (Lair:2)
  Sigmund (D:6)
  6 redbacks (Lair:2)
  27 yaks
  2 shadows (D:9)
  3 wraiths
  3 flying skulls (Gauntlet)
  3 wyverns
  Grum (Lair:1)
  3 steam dragons
  Edmund (D:6)
  6 water moccasins
  2 swamp worms (Lair:2)
  Duvessa (D:6)
  A sky beast (D:5)
  2 orc warriors
  An ice beast (D:7)
  4 necrophages
  A black bear (Lair:1)
  3 ogres
  20 wolves
  2 centaurs
  A phantom (D:6)
  An elf zombie (Ossuary)
  3 kobold brigands
  9 bullfrogs
  2 jellies
  2 gnoll sergeants
  Dowan (D:6)
  3 scorpions
  3 killer bees (D:10)
  16 wights
  A howler monkey (D:9)
  4 crimson imps (Gauntlet)
  9 centaur zombies
  4 hounds
  2 orc priests
  3 bullfrog skeletons (D:6)
  A scorpion zombie (D:5)
  4 iguanas
  11 orc wizards
  2 killer bee zombies
  2 hound zombies (Ossuary)
  3 mummies (Ossuary)
  A howler monkey zombie (D:8)
  Robin (D:2)
  7 gnolls
  A howler monkey skeleton (D:6)
  13 adders
  A shadow imp (Gauntlet)
  4 white imps
  5 adder zombies (Ossuary)
  An adder skeleton (D:5)
  4 worms
  35 orcs
  11 ball pythons
  5 bats
  8 endoplasms
  A giant cockroach (D:2)
  14 goblins
  11 hobgoblins
  5 quokkas
  5 frilled lizards
  2 gnoll zombies (Ossuary)
  4 goblin zombies (Ossuary)
  A hobgoblin zombie (Ossuary)
  3 jackal zombies (Ossuary)
  17 kobolds
  7 kobold zombies (Ossuary)
  An orc zombie (Ossuary)
  5 quokka zombies (Ossuary)
  8 rats
  2 rat zombies (Ossuary)
  A bush (D:2)
419 creatures vanquished.

Vanquished Creatures (collateral kills)
  Erica (Lair:1)
  A yak (Lair:1)
2 creatures vanquished.

Vanquished Creatures (others)
  Eustachio (D:6)
  A howler monkey (D:6)
  A hound (D:6)
  An adder (D:6)
  8 fungi
  14 plants
26 creatures vanquished.

Grand Total: 447 creatures vanquished

Notes
Turn   | Place    | Note
-------+----------+-------------------------------------------
     0 | D:1      | Banquo the Djinni Monk began the quest for the Orb.
     0 | D:1      | Reached XP level 1. HP: 20/20 MP: 0/0
   246 | D:1      | Reached XP level 2. HP: 22/25 MP: 0/0
   469 | D:1      | You are sucked into a shaft and drop 1 floor!
   589 | D:2      | Found a bloodstained altar of Trog.
   784 | D:1      | Found a faded altar of an unknown god.
   846 | D:1      | Reached XP level 3. HP: 30/30 MP: 0/0
   846 | D:1      | Learned a level 1 spell: Pain
  1741 | D:2      | Reached skill level 1 in Spellcasting
  1746 | D:2      | Noticed Robin
  2790 | D:2      | Reached XP level 4. HP: 27/36 MP: 0/0
  3303 | D:2      | Killed Robin
  3304 | D:2      | Reached skill level 2 in Spellcasting
  4189 | D:3      | Reached XP level 5. HP: 29/40 MP: 0/0
  4189 | D:3      | Learned a level 2 spell: Ensorcelled Hibernation
  5299 | D:4      | Found a basalt altar of Yredelemnul.
  5402 | D:4      | Reached skill level 3 in Spellcasting
  5437 | D:4      | Found a sand-covered staircase.
  5568 | Ossuary  | Entered an ossuary
  5798 | Ossuary  | Reached XP level 6. HP: 18/46 MP: 0/0
  5995 | Ossuary  | Reached skill level 1 in Shields
  6212 | Ossuary  | Reached skill level 4 in Spellcasting
  6509 | Ossuary  | Reached XP level 7. HP: 43/50 MP: 0/0
  6509 | Ossuary  | Learned a level 3 spell: Teleport Other
  6925 | D:4      | Found a bloodstained altar of Trog.
  6953 | D:4      | Reached skill level 5 in Spellcasting
  7277 | D:5      | Entered Level 5 of the Dungeon
  8083 | D:5      | Reached XP level 8. HP: 37/57 MP: 0/0
  8171 | D:5      | Noticed Grinder
  8322 | D:5      | Reached skill level 6 in Spellcasting
  8880 | D:5      | Found a hazy altar of Hepliaklqana.
  9898 | D:6      | Reached XP level 9. HP: 47/62 MP: 0/0
  9898 | D:6      | Learned a level 4 spell: Hailstorm
  9989 | D:6      | Reached skill level 7 in Spellcasting
 10561 | D:6      | Found a shimmering altar of Xom.
 10890 | D:6      | Noticed Edmund
 10902 | D:6      | Killed Edmund
 10924 | D:6      | Noticed Duvessa
 10925 | D:6      | Noticed Eustachio
 10955 | D:6      | Killed Duvessa
 10960 | D:6      | Noticed Dowan
 11251 | D:6      | Killed Dowan
 11450 | D:6      | Killed Eustachio
 11540 | D:6      | Noticed Sigmund
 11821 | D:6      | Killed Sigmund
 12338 | D:6      | Found a shimmering altar of Xom.
 12989 | D:7      | Reached skill level 8 in Spellcasting
 13258 | D:7      | Reached XP level 10. HP: 22/69 MP: 0/0
 13754 | D:7      | Found a staircase to the Ecumenical Temple.
 13761 | Temple   | Entered the Ecumenical Temple
 14045 | D:7      | Found a runed translucent gate.
 14045 | D:7      | Found a runed translucent gate.
 14045 | D:7      | Found a runed translucent gate.
 14046 | D:7      | Noticed McKennaii's ghost (novice DgCj)
 14047 | D:7      | Noticed sydd's ghost (novice DgAE)
 14047 | D:7      | Noticed spimroxx's ghost (novice GnFi)
 15589 | D:8      | Reached skill level 5 in Fighting
 15840 | D:9      | Identified a scroll of acquirement
 15840 | D:9      | Acquired a +3 quick blade
 16031 | D:9      | Found a stormy altar of Qazlal.
 16032 | D:9      | Found a hide-covered altar of Uskayaw.
 16032 | D:9      | Found a broken altar of Ashenzari.
 16065 | D:9      | Found Veris's Magic Scroll Boutique.
 16102 | D:9      | Noticed a two-headed ogre
 16118 | D:9      | Became a worshipper of Ashenzari the Shackled
 16300 | D:9      | Reached * piety under Ashenzari
 16398 | D:9      | Reached skill level 9 in Spellcasting
 16715 | D:8      | Reached skill level 1 in Armour
 17104 | D:9      | Found a sparkling altar of Nemelex Xobeh.
 17162 | D:9      | Found a sacrificial altar of Ru.
 17202 | D:9      | Killed a two-headed ogre
 17203 | D:9      | Reached skill level 5 in Short Blades
 17203 | D:9      | Reached XP level 11. HP: 67/76 MP: 0/0
 17203 | D:9      | Learned a level 4 spell: Leda's Liquefaction
 17275 | D:9      | Reached ** piety under Ashenzari
 17523 | D:9      | Reached skill level 5 in Shields
 17729 | D:10     | Entered Level 10 of the Dungeon
 17886 | D:10     | Found a staircase to the Orcish Mines.
 18017 | D:10     | Noticed a death yak
 18054 | D:10     | Reached skill level 10 in Spellcasting
 18101 | D:10     | Noticed a death yak
 18130 | D:10     | Identified the +1 robe of the Ward {Str+3}
 18141 | D:10     | Found a staircase to the Lair.
 18144 | D:10     | Noticed a death yak
 18144 | D:10     | Noticed a death yak
 18147 | D:10     | Noticed a death yak
 18158 | D:10     | Reached *** piety under Ashenzari
 18188 | D:10     | Noticed a death yak
 18188 | D:10     | Noticed a death yak
 18190 | D:10     | Noticed a death yak
 18202 | D:10     | Found a blossoming altar of Fedhas.
 18321 | D:10     | Killed a death yak
 18322 | D:10     | Reached skill level 5 in Dodging
 18427 | D:10     | Killed a death yak
 18476 | D:10     | Noticed a two-headed ogre
 18477 | D:10     | Killed a two-headed ogre
 18511 | D:10     | Found an ornate altar of the Wu Jian Council.
 18780 | D:10     | Killed a death yak
 18886 | D:10     | Killed a death yak
 18887 | D:10     | Reached XP level 12. HP: 73/88 MP: 0/0
 19089 | D:9      | Killed a death yak
 19275 | D:10     | Found a blossoming altar of Fedhas.
 19369 | D:10     | Found a staircase to the Orcish Mines.
 19580 | D:9      | Killed a death yak
 19925 | D:10     | Found an ornate altar of the Wu Jian Council.
 20197 | D:9      | Killed a death yak
 20198 | D:9      | Reached skill level 5 in Armour
 20308 | D:10     | Found a staircase to the Lair.
 20405 | D:10     | Found a blossoming altar of Fedhas.
 20499 | D:10     | Found a staircase to the Orcish Mines.
 20814 | D:10     | Found an ornate altar of the Wu Jian Council.
 20831 | D:10     | Found an ornate altar of the Wu Jian Council.
 21087 | D:10     | Found a staircase to the Orcish Mines.
 21141 | D:10     | Found a staircase to the Lair.
 21248 | D:10     | Killed a death yak
 21318 | D:10     | Found a blossoming altar of Fedhas.
 21465 | Lair:1   | Entered Level 1 of the Lair of Beasts
 21475 | Lair:1   | Noticed Grum
 21482 | Lair:1   | Killed Grum
 21714 | Lair:1   | Found the +8 whip "Snakebite" {venom, curare, rPois}
 21792 | Lair:1   | Noticed Sonja
 21990 | Lair:1   | Killed Sonja
 21994 | Lair:1   | Reached XP level 13. HP: 93/99 MP: 0/0
 21994 | Lair:1   | Learned a level 5 spell: Summon Forest
 22002 | Lair:1   | Noticed Erica
 22110 | Lair:1   | Reached skill level 11 in Spellcasting
 22121 | Lair:1   | Noticed a six-headed hydra
 22132 | Lair:1   | Killed a six-headed hydra
 22203 | Lair:1   | Killed Erica
 22605 | Lair:2   | Identified the +1 ring mail "Couseab" {rElec Will+ Str+3
                  | Int+4}
 22638 | Lair:2   | Found a hole to the Spider Nest.
 22647 | Lair:2   | Reached skill level 5 in Stealth
 22820 | Lair:2   | Reached **** piety under Ashenzari
 22969 | Lair:2   | Found a staircase to the Swamp.
 23717 | Lair:3   | Noticed an eight-headed hydra
 23724 | Lair:3   | Killed an eight-headed hydra
 24407 | Lair:4   | Noticed Nessos
 24476 | Lair:4   | Found a gate leading to a gauntlet.
 24488 | Gauntlet | Entered a Gauntlet
 24488 | Gauntlet | Found a transporter.
 24491 | Gauntlet | Found a transporter.
 24495 | Gauntlet | Found a transporter.
 24501 | Gauntlet | Found a transporter.
 24508 | Gauntlet | Found a transporter.
 24512 | Gauntlet | Found a transporter.
 24515 | Gauntlet | Noticed a quicksilver ooze
 24517 | Gauntlet | Found a transporter.
 24521 | Gauntlet | Found a transporter.
 24525 | Gauntlet | Found a transporter.
 24530 | Gauntlet | Found a transporter.
 24536 | Gauntlet | Found a transporter.
 24536 | Gauntlet | Identified the ring "Juilu" {*Corrode rC+ Int+7 Dex-4}
 24540 | Gauntlet | Found a transporter.
 24545 | Gauntlet | Found a transporter.
 24555 | Gauntlet | Identified the +6 scale mail "Xalemurr" {+Blink rC- Will+
                  | Str+3 Dex+4}
 24556 | Gauntlet | Found a transporter.
 24641 | Gauntlet | Reached XP level 14. HP: 103/110 MP: 0/0
 24720 | Gauntlet | Killed a quicksilver ooze
 24847 | Gauntlet | Noticed a minotaur
 24871 | Gauntlet | Hit by a javelin thrown by a minotaur

Illustrated notes

Levels and vault maps discovered:
D:1:      psy_arrival_basics, layout_rooms, serial_glass, glass_columns_b,
          glass_columns_c, minmay_strange_pillars, due_unseen_surprise,
          minmay_strange_pillars, feat_on_display,
          ebering_ecumenical_altar_petrified, nrook_uturn
D:2:      layout_rooms, serial_forest, infiniplex_forest_lined_corner,
          infiniplex_forest_clump_long, infiniplex_forest_lined_2,
          infiniplex_forest_end_1, infiniplex_forest_end_2, basic_altar,
          uniq_robin
D:3:      minmay_door_path, layout_basic, hangedman_feature_mirror,
          dk_noncrumbling_4
D:4:      layout_basic, nicolae_overflow_crystal_walls, trog_butcher_becter,
          nicolae_ossuary_entry_false_entrances, minmay_misc_feat_cross,
          hangedman_decor_clover_reticule, serial_bayou_pond_d
D:5:      layout_basic, mainiacjoe_overflow_24_doors, uniq_grinder
D:6:      layout_basic, xom_confusion_cloud, uniq_edmund, uniq_eustachio,
          uniq_sigmund, uniq_duvessa
D:7:      layout_rooms, minmay_temple_entry_junction_2, gammafunk_ghost_cemetery
D:8:      layout_basic, serial_aquarium, aquarium_bridge_straight
          [aquarium_subvault_bridge, aquarium_subvault_window,
          aquarium_subvault_bridge, aquarium_subvault_window],
          aquarium_window_1, aquarium_window_1, aquarium_window_corner,
          aquarium_window_fake, aquarium_view_2d, aquarium_pool_five
D:9:      layout_irregular_city, nicolae_overflow_quartered_altars,
          mainiacjoe_overflow_paths, kennysheep_little_box, serial_shops,
          shop_scrolls, grunt_decor_cap, minmay_joined_circles
D:10:     layout_loops_ring, lemuel_doored_altar,
          pdpol_wu_jian_five_deadly_venoms, dpeg_lair_monsters, orc_0_dummy
Temple:   eino_wide_crystal_templ
Lair:1:   minmay_guarded_unrand_snakebite, layout_regular_city, uniq_grum,
          uniq_erica, uniq_sonja
Lair:2:   layout_cave_pods, minmay_swamp_entry_worms,
          nicolae_spider_entry_tight_spaces
Lair:3:   layout_cave_pods
Lair:4:   layout_cave_pods, gauntlet_entry_generic, basic_altar, uniq_nessos
Gauntlet: gammafunk_gauntlet_77_escape_option
          [minmay_gauntlet_arena_77_squiggly, minmay_gauntlet_arena_77_braids,
          minmay_gauntlet_arena_77_mirror, minmay_gauntlet_arena_77_two_lines,
          minmay_gauntlet_arena_77_block_sizes, gauntlet_exit_spiral]

Skill      XL: |  1  2  3  4  5  6  7  8  9 10 11 12 13 14 |
---------------+-------------------------------------------+-----
Short Blades   | 3 4 5 |  5.1
Spellcasting   | 1 2 3 4 5 6 8 9 10 11 | 11.7
Shields        | 1 2 3 4 6 7 8 9 |  9.0
Fighting       | 4 5 6 8 9 |  9.2
Stealth        | 2 3 4 6 |  6.9
Dodging        | 4 5 6 7 |  7.6
Armour         | 3 4 5 6 7 |  7.0

Action                   |  1- 3 |  4- 6 |  7- 9 | 10-12 | 13-15 || total
-------------------------+-------+-------+-------+-------+-------++-------
Melee: Short sword       |    58 |       |       |       |       ||    58
       Hand axe          |    34 |   104 |    13 |       |       ||   151
       Dagger            |       |   178 |   227 |    93 |       ||   498
       Quick blade       |       |       |       |   459 |   146 ||   605
Throw: Stone             |     2 |       |     5 |       |       ||     7
       Dart              |       |       |     2 |    10 |       ||    12
 Cast: Pain              |    41 |    65 |    68 |    51 |    11 ||   236
       Ensorcelled Hiber |       |     1 |    30 |    21 |    42 ||    94
       Teleport Other    |       |       |     4 |     6 |       ||    10
       Hailstorm         |       |       |    44 |   155 |    62 ||   261
       Summon Forest     |       |       |       |       |     4 ||     4
       Leda's Liquefacti |       |       |       |       |     1 ||     1
Invok: Curse Item        |       |       |       |     5 |     1 ||     6
       Shatter the Chain |       |       |       |       |     1 ||     1
  Use: Scroll            |       |       |     7 |    14 |       ||    21
 Stab: Sleeping          |     1 |     6 |    15 |    18 |    40 ||    80
       Distracted        |       |     1 |     1 |       |     2 ||     4
Armor: Robe              |    14 |    40 |    37 |       |       ||    91
       Steam dragon scal |       |       |     8 |     3 |       ||    11
       Troll leather arm |       |       |       |    22 |     7 ||    29
Dodge: Dodged            |    49 |    97 |   125 |   131 |    54 ||   456
Block: Buckler           |       |       |    49 |   136 |       ||   185
       Reflection        |       |       |       |     3 |       ||     3
       Kite shield       |       |       |       |     6 |    87 ||    93
